 Dungeon Crawl Stone Soup version 0.21-a0-150-gc243083 (webtiles) character file.

358 Dominolapin the Ducker (level 6, -2/37 HPs)
             Began as a Kobold Wanderer on July 27, 2017.
             Was an Initiate of Dithmenos.
             Splashed by an orc priest's acid (16 damage)
             ... on level 4 of the Dungeon.
             The game lasted 00:10:02 (4841 turns).

Dominolapin the Ducker (Kobold Wanderer)            Turns: 4841, Time: 00:10:03

Health: -2/37      AC:  6    Str: 13    XL:     6   Next: 97%
Magic:  5/8        EV: 15    Int: 17    God:    Dithmenos [......]
Gold:   148        SH:  0    Dex: 17    Spells: 2/5 levels left

rFire    . . .     SeeInvis .   j - +0 trident (curse)
rCold    . . .     Gourm    .   (shield currently unavailable)
rNeg     . . .     Faith    .   m - +0 ring mail
rPois    .         Spirit   .   (no helmet)
rElec    .         Reflect  .   h - +1 cloak
rCorr    .         Harm     .   g - +2 pair of gloves
MR       .....                  (no boots)
Stlth    ++........             (no amulet)
HPRegen  0.12/turn              (no ring)
MPRegen  0.11/turn              X - +3 ring of dexterity

@: brilliant, corroded, slowed, drained, very slow
A: carnivore 3
a: Renounce Religion


You were on level 4 of the Dungeon.
You worshipped Dithmenos.
Dithmenos was noncommittal.
You were completely stuffed.

You visited 1 branch of the dungeon, and saw 4 of its levels.

You collected 148 gold pieces.


Innate Abilities, Weirdness & Mutations

You are small and have problems with some larger weapons.
You are carnivorous and can eat meat at any time.


   Skills:
 + Level 3.5 Fighting
   Level 1.7 Staves
   Level 3.0(2.9) Bows
 - Level 4.5 Dodging
 - Level 4.0 Stealth
 - Level 1.8(1.7) Hexes
   Level 3.9 Evocations


You had 2 spell levels left.
You knew the following spells:

 Your Spells              Type           Power        Failure   Level  Hunger
a - Confuse               Hex            ###.....     9%          3    ####...

Inventory:

Hand Weapons
 d - a +0 whip
 i - a +0 dagger
 j - a cursed +0 trident (weapon)
Armour
 g - a +2 pair of gloves (worn)
 h - a +1 cloak (worn)
 k - a scarf of repulsion
 m - a +0 ring mail (worn)
Jewellery
 X - a +3 ring of dexterity (right hand)
Scrolls
 c - a scroll of teleportation {@r4}
Potions
 l - a potion of magic
 n - 2 potions of ambrosia
 p - a potion of flight
 q - a potion of haste {@q3}
 s - a potion of resistance
Books
 a - a book of Misfortune

   Spells                             Type                      Level
   a - Confusing Touch                Hexes                        1
   b - Confuse                        Hexes                        3
   c - Gell's Gravitas                Translocation                3
   d - Petrify                        Transmutation/Earth          4
   e - Metabolic Englaciation         Hexes/Ice                    5
   f - Yara's Violent Unravelling     Hexes/Transmutation          5
 t - a book of Callings

   Spells                             Type                      Level
   a - Summon Small Mammal            Summoning                    1
   b - Call Imp                       Summoning                    2
   c - Call Canine Familiar           Summoning                    3
   d - Summon Guardian Golem          Hexes/Summoning              3
   e - Summon Lightning Spire         Summoning/Air                4
   f - Summon Ice Beast               Ice/Summoning                4
Comestibles
 f - 2 meat rations {@e1}
 r - a royal jelly {@e3}

Dungeon Overview and Level Annotations

Branches:
Dungeon (4/15)
 Temple: D:4-7

Altars:
Dithmenos
Trog
The Shining One

.......######## ##............#
.# ##.#########.# #.## #.# #.#
#...# #.# #.# ###...### ##'## #.#
#.......# ##...## #.# #.......##
#.....## #.########........#
.......## ##..o@.##..........# #
........####...##o##.##.......###
........'.......................'
........####...##.##.##..#o...###
.......## ##.###)##.##..##...# #
#.....## #####.##......)(..#
##...## #...######.######
###'###### #...# #.# .........#
#...# #.#


You could see an orc priest and an orc wizard.


Message History

The magic dart hits you! The orc wizard hits you with a dagger.
Attack whom?
Press: ? - help, Dir - move target cursor, f/p - orc wizard
Aim: an orc wizard, wielding a dagger and wearing a robe (lightly wounded)
You closely miss the orc wizard.
The orc wizard is lightly wounded.
The orc wizard barely misses you.
Attack whom?
Press: ? - help, Dir - move target cursor, f - orc priest, p - orc wizard
Aim: an orc priest, wielding a short sword and carrying a wand of acid (?/15) {zapped: 1} You barely miss the orc priest.
The orc priest closely misses you.
The orc priest mumbles some strange prayers to Beogh against you.
Pain shoots through your body!
Unknown command.
It was a potion of brilliance.
You feel clever all of a sudden.
The orc wizard gestures at you while chanting.
You feel yourself slow down. The orc priest closely misses you.
Okay, then.
Casting: Confuse
Confirm with . or Enter, or press ? or * to list all spells.
Aiming: Confuse
Press: ? - help, Shift-Dir - straight line, f/p - orc priest
Aim: an orc priest, wielding a short sword and carrying a wand of acid (?/15) {zapped: 1} (chance to defeat MR: 47%)
The orc priest resists with some effort.
The orc priest zaps a wand.
The bolt of acid hits you!
* * * LOW HITPOINT WARNING * * *
The acid corrodes you!
You are splashed with acid!
The acid burns!
You die...

Skill      XL: |  1  2  3  4  5  6 |
---------------+-------------------+-----
Evocations     | 2 3 |  3.9
Fighting       | 1 2 3 |  3.5
Dodging        | 3 4 |  4.5
Stealth        | 4 |  4.0
Hexes          | 1 |  1.8
Staves         | |  1.7
Bows           | |  3.0

Action                   |  1- 3 |  4- 6 || total
-------------------------+-------+-------++-------
Melee: Dagger            |   245 |    29 ||   274
       Whip              |       |   207 ||   207
       Trident           |       |   121 ||   121
 Cast: Confuse           |       |     1 ||     1
Evoke: Wand              |     2 |    11 ||    13
  Use: Scroll            |     3 |    11 ||    14
       Potion            |       |     6 ||     6
 Stab: Sleeping          |     1 |     3 ||     4
  Eat: Chunk             |    11 |    11 ||    22
Armor: Robe              |     9 |       ||     9
       Leather armour    |    67 |    14 ||    81
       Ring mail         |       |   135 ||   135
Dodge: Dodged            |   184 |   254 ||   438

Vault maps used:
D:1:      shiori_shiawase
D:2:      nicolae_tso_swordbearing_angel, tgw_xom, trog_three_pillars_becter
D:3:      nicolae_overflow_crystal_walls, first_bread, serial_curves,
          eino_curves_03, eino_curves_03
D:4:      kennysheep_little_box, minmay_temple_entry_statues_pillars,
          uniq_natasha

Notes
Turn   | Place    | Note
-------+----------+-------------------------------------------
     0 | D:1      | Dominolapin the Kobold Wanderer began the quest for the Orb.
     0 | D:1      | Dominolapin set off with: a wand of flame (15/48), a potion of curing {@q1}, a scroll of teleportation {@r4}, a +0 robe, a +0 dagger, a meat ration {@e1}
     0 | D:1      | Reached XP level 1. HP: 10/10 MP: 1/1
   320 | D:1      | Reached XP level 2. HP: 10/16 MP: 3/3
   595 | D:1      | Reached skill level 2 in Evocations
   755 | D:1      | Reached skill level 1 in Fighting
   866 | D:1      | Reached skill level 3 in Dodging
   866 | D:1      | Reached XP level 3. HP: 16/20 MP: 4/4
  1353 | D:1      | Reached skill level 2 in Fighting
  1525 | D:1      | Reached XP level 4. HP: 16/26 MP: 5/5
  2102 | D:2      | Found a bloodstained altar of Trog.
  2137 | D:2      | Found a glowing golden altar of the Shining One.
  2184 | D:2      | Reached skill level 3 in Evocations
  2532 | D:3      | Noticed p0werm0de's ghost (amateur DsIE)
  2546 | D:3      | Killed p0werm0de's ghost
  2546 | D:3      | Reached skill level 3 in Fighting
  2546 | D:3      | Reached skill level 4 in Dodging
  2546 | D:3      | Reached XP level 5. HP: 14/32 MP: 7/7
  2850 | D:3      | HP: 1/32 [something/magic dart (11)]
  2860 | D:3      | Reached XP level 6. HP: 19/37 MP: 8/8
  3113 | D:3      | Found a shadowy altar of Dithmenos.
  3223 | D:3      | Became a worshipper of Dithmenos the Shadowed
  3403 | D:3      | Learned a level 3 spell: Confuse
  3567 | D:3      | Reached skill level 3 in Stealth
  4146 | D:4      | Reached skill level 1 in Hexes
  4158 | D:4      | HP: 3/37 [orc priest/divine providence (13)]
  4609 | D:4      | Reached skill level 4 in Stealth
  4841 | D:4      | Splashed by an orc priest's acid

Vanquished Creatures
  The ghost of p0werm0de the Chiller, an amateur DsIE (D:3)
  2 hounds (D:4)
  An orc wizard (D:3)
  A worker ant (D:4)
  5 adders
  4 oozes
  An adder skeleton (D:4)
  A worm (D:2)
  5 dart slugs
  2 leopard geckos (D:3)
  7 orcs
  A ball python (D:1)
  6 bats
  2 giant cockroaches
  9 hobgoblins
  7 jackals (D:1)
  7 kobolds
  5 frilled lizards
  14 goblins
  9 rats
90 creatures vanquished.
